 Dungeon Crawl Stone Soup version 0.31-a0-986-g5e6e4ef867 (webtiles) character file.

Game seed: 2488823048230323807

61 Crabhammer the Insei (level 4, -2/28 HPs)
             Began as an Octopode Shapeshifter on Nov 21, 2023.
             Killed from afar by an orc wizard (6 damage)
             ... with a magic dart
             ... on level 3 of the Dungeon.
             The game lasted 00:05:16 (1957 turns).

Crabhammer the Insei (Octopode Shapeshifter)        Turns: 1957, Time: 00:05:16

Health: -2/28      AC:  1    Str: 13    XL:     4   Next: 7%
Magic:  4/4        EV: 13    Int: 12    God:
Gold:   93         SH:  5    Dex: 13    Spells: 3/3 levels left

rFire   . .          .
                       - Unarmed
rCold   . . .        (no shield)
rNeg    . . .        (helmet currently unavailable)
rPois   .            h - amulet of reflection
rElec   .            (no ring)
rCorr   .            (no ring)
SInv    .            (no ring)
Will    .....        (no ring)
Stlth   ++           (no ring)
HPRegen 0.24/turn    (no ring)
MPRegen 0.09/turn    (no ring)
                     (no ring)

%: reflection
@: beast-form
A: beast (slay +2), almost no armour, amphibious, 8 rings, camouflage 1,
gelatinous body 1, (nimble swimmer 1), tentacles
a: Begin Untransformation


You were on level 3 of the Dungeon.
You were a hulking beast.
You visited 1 branch of the dungeon, and saw 3 of its levels.

You collected 93 gold pieces.

Inventory:

Missiles
 d - 6 boomerangs
 f - 7 poisoned darts
 j - 2 javelins
Jewellery
 g - an amulet of magic regeneration
 h - an amulet of reflection (around mantle)
Talismans
 b - a beast talisman
 c - a flux talisman
Scrolls
 e - a scroll of teleportation {unknown}
 k - 2 scrolls of identify {unknown}
 m - a scroll of amnesia {unknown}
Potions
 a - 2 potions of lignification
 i - a potion of might {unknown}
 l - a potion of curing {unknown}


   Skills:
 + Level 1.0 Fighting
 - Level 2.0 Dodging
 + Level 3.9 Unarmed Combat
 + Level 3.8 Shapeshifting


You had 3 spell levels left.
You didn't know any spells.
Your spell library contained the following spells:

 Spells                   Type           Power      Damage    Failure   Level
 Sting                    Tmut/Pois      0%         1d3       32%         1
 Poisonous Vapours        Pois/Air       0%         N/A       45%         2
 Inner Flame              Hex/Fire       0%         N/A       69%         3
 Olgreb's Toxic Radiance  Pois           0%         N/A       97%         4
 Yara's Violent Unravell  Hex/Tmut       0%         3d3       100%        5
 Enfeeble                 Hex            0%         N/A       100%        7


Dungeon Overview and Level Annotations

Branches:
Dungeon (3/15)

Altars:

Shops:
D:2 *


Innate Abilities, Weirdness & Mutations

You are a hulking beast.
Your limbs bulge with bestial killing power. (Slay +2)
You cannot wear most types of armour.
You are amphibious.
You can wear up to eight rings at the same time.
Your skin changes colour to match your surroundings (Stealth+).
Your rubbery body absorbs attacks. (AC +1, EV +1)
((You are camouflaged when in or above water. (Stealth+)))
You have tentacles for arms and can constrict up to eight enemies at once.


Message History

There are monsters nearby!
You hear a shout!
The kobold hits you with a +0 short sword.
You barely miss the kobold. You grab the kobold. You tentacle-slap the kobold.
You kill the kobold!
You have reached level 4!
There is a stone staircase leading up here. 4 orcs come into view.
The orc shouts!
The orc moves out of view.
You block the orc's attack.
The orc wizard shouts!
You bludgeon the orc!
You kill the orc!
You bludgeon the orc!
You kill the orc!
The orc wizard mumbles some strange words.
The orc wizard flickers and vanishes!
Deactivating autopickup; reactivate with Ctrl-A.
Things that are here:
a +0 club; a +0 leather armour; an orc corpse You miss something.
Something hits you.
You closely miss something. Something hits you.
You barely miss something.
Your tentacle-slap misses something.
Something hits you.
You bludgeon something! You tentacle-slap something.
Your squeeze misses something. Something hits you.
You closely miss something. Something hits you.
You tentacle-slap something but do no damage.
Your squeeze misses something. You block something's attack.
You barely miss something.
You hear some strange, mumbled words.
A puff of flame appears from out of thin air!
The puff of flame hits you!
* * * LOW HITPOINT WARNING * * *
You miss something.
You hear some strange, mumbled words.
A magic dart appears from out of thin air!
The magic dart hits you.
You die...

### #.. #.#
#o# #o# #{#
#.####h####...
#....)......#
######.######
####...#####
#.).<........
#.##.########
# #.# #.# #.#


You could see 2 orcs.

Vanquished Creatures
  A worm (D:2)
  3 dart slugs
  2 orcs (D:3)
  6 ball pythons
  4 bats
  8 endoplasms
  2 giant cockroaches
  3 goblins
  6 hobgoblins
  2 quokkas
  A frilled lizard (D:1)
  7 kobolds
  2 rats
47 creatures vanquished.

Notes
Turn   | Place    | Note
-------+----------+-------------------------------------------
     0 | D:1      | Crabhammer the Octopode Shapeshifter began the quest for
                  | the Orb.
     0 | D:1      | Reached XP level 1. HP: 13/13 MP: 1/1
   185 | D:1      | Reached XP level 2. HP: 18/18 MP: 2/2
   393 | D:1      | You fall into a shaft and drop 1 floor!
   640 | D:1      | Found a faded altar of an unknown god.
   743 | D:1      | Reached XP level 3. HP: 19/23 MP: 3/3
  1595 | D:2      | Found Pepruar's General Store.
  1943 | D:3      | Reached XP level 4. HP: 23/28 MP: 4/4
  1957 | D:3      | Killed from afar by an orc wizard

Illustrated notes

Levels and vault maps discovered:
D:1:      dpeg_arrival_pits, layout_loops_corners, basic_ecumenical_altar,
          nicolae_twisty_statue_hallways
D:2:      layout_basic, serial_shops, shop
D:3:      layout_loops_ring, serial_rivers, chequers_serial_rivers_small_b,
          chequers_serial_rivers_room_a, chequers_serial_rivers_large_b,
          chequers_serial_rivers_small_b, chequers_serial_rivers_micro_b,
          grunt_ministairs_14

Action                     |  1- 3 |  4- 6 || total
---------------------------+-------+-------++-------
  Melee: Unarmed           |    85 |    10 ||    95
         Constrict         |    20 |       ||    20
         Punch             |     4 |     1 ||     5
         Tentacles         |    13 |       ||    13
   Stab: Sleeping          |     7 |       ||     7
 Armour: Skin              |    25 |     7 ||    32
  Dodge: Dodged            |    30 |       ||    30
  Block: Other             |     3 |     2 ||     5

Table legend: (Time is in decaauts)
 A = Elapsed time spent in this place.
 B = Non-inter-level travel time spent in this place.
 C = Inter-level travel time spent in this place.
 D = Time resting spent in this place.
 E = Time spent auto-exploring this place.
 F = Levels seen in this place.
 G = Mean time per level.
                   A        B        C        D        E       F      G
               +--------+--------+--------+--------+--------+-----+--------+
         Total |   1950 |   1885 |     65 |     14 |   1501 |   3 |  650.0 |
       Dungeon |   1950 |   1885 |     65 |     14 |   1501 |   3 |  650.0 |
               +--------+--------+--------+--------+--------+-----+--------+

Top non-repeatable levels by time:
     D:2: 1008 daAuts
     D:1: 925 daAuts
     D:3: 16 daAuts
